Map: Winter Madness LE

Players

SCIInewby - Winner!

  • Race: Protoss Protoss
  • League: Master
  • Spawn Location: 5:00

Skol

  • Race: Terran Terran
  • League: Silver
  • Spawn Location: 11:00

VOD

Have the link to the VOD?

Description

Time

  • Played on: Feb. 11, 2026, 1:01 p.m.
  • Length: 11:25
Show
View Real Time Build Order
Export as new Build Order

SCIInewby Protoss - Winner!

Build Orders:  

Get SALT Encoding   

  12  0:01  Probe  
  13  0:13  Probe  
  14  0:18  Pylon  
  14  0:27  Probe  
  15  0:38  Gateway  
  15  0:39  Probe  
  16  0:45  Assimilator  
  16  0:51  Probe  
  17  0:59  Pylon  
  17  1:03  Probe  
  18  1:11  Probe  
  19  1:20  Probe  
  19  1:22  Gateway  
  20  1:25  Zealot  
  20  1:30  Probe  
  23  1:41  Cybernetics Core  
  23  1:47  Pylon  
  23  1:56  Zealot  
  25  2:09  Gateway  
  25  2:10  Warp Gate  
  25  2:12  Zealot  
  27  2:19  Gateway  
  27  2:25  Zealot  
  29  2:39  Zealot  
  31  2:52  Zealot  
  33  3:00  Zealot  
  35  3:07  Zealot  
  37  3:19  Nexus  
  27  4:01  Probe  
  28  4:10  Zealot  
  28  4:11  Zealot x3  
  28  4:12  Twilight Council  
  28  4:13  Probe  
  37  4:25  Probe  
  37  4:29  Pylon  
  34  4:43  Stalker  
  34  4:44  Stalker x2  
  34  4:45  Stalker  
  32  4:53  Probe x2  
  34  5:00  Charge  
  34  5:05  Zealot, Probe  
  34  5:06  Probe  
  38  5:10  Zealot  
  40  5:18  Probe x2  
  42  5:27  Probe  
  42  5:30  Probe  
  42  5:35  Probe  
  43  5:42  Probe  
  45  5:45  Probe  
  45  5:46  Zealot  
  45  5:47  Zealot  
  45  5:48  Zealot  
  52  5:54  Probe  
  52  5:55  Forge  
  53  6:05  Pylon  
  53  6:16  Pylon  
  53  6:18  Pylon  
  53  6:21  Pylon  
  53  6:27  Robotics Facility  
  53  6:29  Robotics Facility  
  53  6:34  Probe x2  
  53  6:37  Pylon  
  53  6:39  Pylon, Zealot  
  57  6:41  Blink, Zealot  
  57  6:42  Assimilator  
  57  6:46  Assimilator, Probe  
  60  6:47  Zealot  
  60  6:48  Zealot  
  64  6:55  Probe  
  64  6:58  Probe  
  66  7:07  Probe  
  67  7:10  Probe  
  68  7:19  Probe  
  63  7:24  Immortal  
  63  7:25  Photon Cannon, Immortal  
  63  7:27  Photon Cannon  
  47  7:36  Gateway  
  51  7:37  Gateway  
  51  7:39  Zealot  
  51  7:41  Zealot  
  51  7:43  Zealot  
  57  7:48  Zealot  
  59  7:55  Probe x2  
  61  8:01  Assimilator  
  61  8:02  Zealot  
  61  8:04  Photon Cannon, Zealot  
  65  8:07  Protoss Ground Weapons Level 1  
  65  8:17  Immortal  
  57  8:28  Zealot  
  57  8:29  Zealot x2  
  57  8:36  Zealot x5  
  59  8:43  Zealot  
  50  8:56  Zealot  
  50  8:57  Zealot x4  
  54  9:06  Zealot  
  50  9:12  Probe  
  50  9:14  Zealot  
  50  9:15  Zealot x2  
  50  9:16  Zealot  
  55  9:23  Pylon  
  54  9:26  Pylon  
  54  9:28  Pylon  
  48  9:42  Zealot x2  
  48  9:44  Zealot x2  
  57  9:56  Dark Shrine  
  56  10:00  Zealot  
  56  10:01  Zealot  
  56  10:03  Immortal  
  64  10:22  Immortal  
  68  10:43  Nexus  
  68  10:51  Probe x2  
  70  11:03  Probe  
  71  11:05  Pylon  
  71  11:10  Pylon  
  71  11:15  Dark Templar  
  69  11:22  Nexus  
Show
View Real Time Build Order
Export as new Build Order

Skol Terran 

Build Orders:  

Get SALT Encoding   

  12  0:01  SCV  
  13  0:13  SCV  
  14  0:23  Supply Depot  
  14  0:30  Supply Depot  
  14  0:37  Supply Depot  
  14  0:41  SCV  
  15  0:57  Barracks  
  15  1:14  SCV, Refinery  
  16  1:22  Refinery  
  16  1:26  SCV  
  17  1:35  Barracks  
  17  1:38  SCV  
  18  1:46  Marine  
  19  2:07  Marine  
  20  2:14  SCV  
  21  2:25  Barracks Reactor  
  21  2:28  Barracks Reactor  
  21  2:40  Factory  
  21  2:47  Engineering Bay  
  21  3:02  SCV  
  21  3:04  Marine x2  
  24  3:06  Marine x2  
  26  3:13  Barracks  
  26  3:14  SCV  
  26  3:16  Terran Infantry Weapons Level 1  
  27  3:25  Factory Tech Lab  
  27  3:33  Missile Turret, SCV  
  28  3:37  Marine x2  
  30  3:59  Supply Depot  
  30  4:05  Missile Turret  
  30  4:11  SCV  
  30  4:15  Supply Depot  
  31  4:20  Supply Depot, Siege Tank  
  31  4:22  Barracks Tech Lab  
  34  4:30  Marine  
  34  4:31  Marine  
  35  4:52  Concussive Shells  
  35  5:07  Marine x2  
  35  5:10  Marauder  
  39  5:17  Terran Infantry Armor Level 1  
  39  5:23  SCV  
  39  5:25  Supply Depot  
  40  5:35  Combat Shield, Marauder, SCV  
  43  5:36  Marine x2  
  45  5:49  Marine x2  
  47  5:56  Supply Depot  
  47  5:59  Orbital Command  
  46  6:17  Marine x2  
  48  6:19  Marine x2  
  48  6:21  Marauder  
  52  6:28  Supply Depot  
  52  6:37  Marine x2  
  52  6:39  Marine x2  
  56  6:43  Marauder  
  58  6:53  Supply Depot  
  58  7:03  Marine x2  
  58  7:04  Marine  
  58  7:05  Marine, Marauder  
  57  7:42  Marine x4, Marauder  
  63  7:56  Command Center  
  63  7:59  Marine  
  63  8:03  Armory  
  64  8:06  Marine x2  
  64  8:09  Marauder  
  68  8:18  Marine  
  63  8:30  Marauder  
  54  8:46  Marine x4  
  52  8:52  Marauder  
  51  9:04  Marine x2  
  45  9:25  Marine x3, Marauder  
  45  9:26  Marine  
  43  9:43  Marine  
  39  9:51  Marine x2, Marauder  
  42  10:03  Siege Tank  
  45  10:07  Marine x2  
  45  10:13  Marauder  
  40  10:41  Siege Tank  
  43  10:47  Marine x2, Marauder  
  43  10:48  Marine x2  
  49  11:05  Marine x2, Starport  
  49  11:06  Marine x2  
Tags
 
Matchup
PvT
Replay Pack
vannon
Spawn Locations
Cross Positions
Add a new tag
Caveats
  • Supply blocks, unpowered buildings, or Contaminate may cause inaccurate times.
  • Supply counts are checked every 10 seconds.